AoeStats
← gnitaek

Socotra

504803556Analyzed
2v2 RM · 26d ago on Sep 6, 2026· 32m 32s· 4 players
Game mode
Random Map
Map size
Tiny (2 player)
Population
200
Speed
Normal
Resources
Standard
Victory
Conquest
Starting age
Dark Age
Ending age
Imperial Age
RankedLock teamsTeams togetherTeam positionsShared explorationLock speedFull tech treeHidden civsTurbo modeCheats
Victory
Defeat
🇧🇷 Turks · Brazil
1308
+14
🇩🇪 Persians · Germany
1187
+19
🇮🇪 Vietnamese · Ireland
1277
-17
🇮🇪 Poles · Ireland
1242
-16
berserker-latko
1:42 Loom
9:27 Feudal Age
10:47 Double-Bit Axe
11:38 Town Watch
13:29 Fletching
18:50 Wheelbarrow
22:52 Castle Age
21:28 Gold Mining
21:20 Horse Collar
22:33 Padded Archer Armor
22:54 Crossbowman
23:31 Bodkin Arrow
23:53 Bow Saw
26:15 Scale Mail Armor
27:35 Thumb Ring
33:06 Chain Mail Armor
gnitaek
6:53 Loom
10:25 Feudal Age
11:31 Double-Bit Axe
11:46 Horse Collar
13:05 Bloodlines
13:58 Bloodlines
15:21 Forging
16:31 Scale Barding Armor
20:44 Castle Age
20:47 Light Cavalry
21:59 Bow Saw
21:51 Heavy Plow
22:04 Light Cavalry
23:31 Husbandry
24:34 Wheelbarrow
30:25 Hand Cart
32:04 Chain Barding Armor
Casi
6:21 Loom
9:35 Feudal Age
9:58 Double-Bit Axe
11:53 Bloodlines
13:20 Horse Collar
17:08 Wheelbarrow
21:26 Castle Age
20:01 Scale Barding Armor
20:26 Forging
20:26 Gold Mining
22:11 Husbandry
24:58 Chain Barding Armor
29:20 Heavy Plow
29:05 Elite Skirmisher
Uhtred_of_Bebbamburg
2:27 Loom
10:15 Feudal Age
20:39 Town Watch
20:44 Double-Bit Axe
22:45 Wheelbarrow
22:20 Scale Barding Armor
22:33 Bloodlines
25:42 Castle Age
26:20 Forging
26:33 Husbandry
27:22 Chain Barding Armor
27:14 Horse Collar
28:31 Iron Casting
Connection lost

Rejoining the realm…

Still unreachable

The connection could not be restored.

Session expired

The server has moved on; the page needs a fresh start.